 Dungeon Crawl Stone Soup version 0.31-a0-188-g5e087ee2ca (webtiles) character file.

Game seed: 6760850554052676547

158 qw the Skirmisher (level 5, -2/29 HPs)
             Began as a Deep Elf Hunter on June 23, 2023.
             Slain by Robin
             ... wielding a +1 spear of venom
              (3 damage)
             ... on level 3 of the Dungeon.
             The game lasted 00:01:00 (2167 turns).

qw the Skirmisher (Deep Elf Hunter)                 Turns: 2167, Time: 00:01:01

Health: -2/29      AC:  5    Str: 10    XL:     5   Next: 16%
Magic:  7/7        EV: 11    Int: 14    God:
Gold:   151        SH:  0    Dex: 18    Spells: 4/4 levels left

rFire   . . .        Y - +0 shortbow
rCold   . . .        (shield currently unavailable)
rNeg    . . .        e - +0 ring mail
rPois   .            (no helmet)
rElec   .            (no cloak)
rCorr   .            (no gloves)
SInv    .            (no boots)
Will    .....        (no amulet)
Stlth   +            (no ring)
HPRegen 0.24/turn    (no ring)
MPRegen 0.10/turn

%: no passive effects
@: lethally poisoned (-2 -> -26)
A: mutation resistance 1
a: no special abilities


You were on level 3 of the Dungeon.
You visited 1 branch of the dungeon, and saw 3 of its levels.

You collected 151 gold pieces.


Innate Abilities, Weirdness & Mutations

You are somewhat resistant to further mutation.


   Skills:
 - Level 1.5 Fighting
 + Level 8.6 Ranged Weapons
 - Level 2.4 Dodging
 - Level 1.2 Stealth


You had 4 spell levels left.
You didn't know any spells.
Your spell library was empty.

Inventory:

Hand Weapons
 Y - a +0 shortbow (weapon)
Armour
 e - a +0 ring mail (worn)
 h - the +3 cloak "Qygromu" {+Inv rF+ rN+ MP-9}
   (You found it on level 3 of the Dungeon)

   rF:        It protects you from fire.
   rN:        It protects you from negative energy.
   MP:        It affects your magic capacity (-9).
   +Inv:      It lets you turn invisible.
Scrolls
 a - a scroll of identify
 i - a scroll of noise {unknown}
 k - a scroll of teleportation {unknown}
Potions
 b - a potion of magic {unknown}
 c - a potion of mutation
 d - a potion of curing
 f - a potion of enlightenment {unknown}
 g - a potion of might {unknown}
 j - a potion of resistance {unknown}

Dungeon Overview and Level Annotations

Branches:
Dungeon (3/15)

Altars:
Kikubaaqudgha

Annotations:
D:3 Robin


Message History

You shoot an arrow. The arrow closely misses the goblin.
The arrow hits Robin.
Robin is lightly wounded.
The goblin hits you but does no damage. The goblin hits you with a +0 dagger.
You shoot an arrow. The arrow hits the goblin!
You kill the goblin!
The goblin barely misses you. The quokka bites you.
You shoot an arrow. The arrow hits the quokka.
The quokka is severely wounded.
Robin closely misses you. The goblin closely misses you.
The quokka barely misses you.
You shoot an arrow. The arrow barely misses the quokka.
The arrow hits Robin.
Robin is lightly wounded.
The quokka misses you. Robin closely misses you.
The goblin hits you with a +0 club.
You shoot an arrow. The arrow hits the quokka.
The quokka is almost dead.
The quokka bites you but does no damage.
The goblin closely misses you. Robin barely misses you.
The quokka closely misses you.
You shoot an arrow. The arrow barely misses the quokka.
The arrow barely misses Robin.
The arrow hits the hobgoblin but does no damage.
Robin hits you from afar with a +1 spear of venom.
You are poisoned.
The goblin hits you but does no damage. The quokka barely misses you.
You shoot an arrow. The arrow closely misses the quokka.
The arrow hits Robin but does no damage.
Robin is lightly wounded.
You feel very sick.
Robin hits you from afar with a +1 spear of venom.
You are more poisoned.
The goblin hits you with a +0 club. The quokka barely misses you.
You shoot an arrow. The arrow barely misses the quokka.
The arrow hits Robin.
Robin is moderately wounded.
You feel very sick.
Robin hits you from afar with a +1 spear of venom.
You are more poisoned.
The goblin hits you with a +0 club. The quokka bites you.
The goblin misses you.
Robin hits you from afar with a +1 spear of venom.
You die...

...............#
...............#
...............#
................
...............#
...............#
...............#
.[.............####.#...
...............g@rgg....
...............#####)..)
..........<....# .
...............#
.......%.......#
............(.##
.............##
............##
...........##


You could see Robin, a quokka, a hobgoblin (strong) and a goblin (strong).

Vanquished Creatures
  Terence (D:3)
  An adder (D:2)
  5 gnolls
  A worm (D:2)
  5 bats
  4 endoplasms
  7 giant cockroaches
  12 goblins
  7 hobgoblins
  4 jackals (D:1)
  5 kobolds
  2 quokkas
  6 ball pythons (D:1)
  A frilled lizard (D:2)
  3 rats
64 creatures vanquished.

Notes
Turn   | Place    | Note
-------+----------+-------------------------------------------
     0 | D:1      | qw the Deep Elf Hunter began the quest for the Orb.
     0 | D:1      | Reached XP level 1. HP: 12/12 MP: 3/3
     0 | D:1      | 0 ||| qw: Version: 0.3-a-9-g12657ce
     0 | D:1      | 0 ||| qw: Game counter: 4395
     0 | D:1      | 0 ||| qw: Always use a shield: true
     0 | D:1      | 0 ||| qw: God list: Okawaru
     0 | D:1      | 0 ||| qw: Allow faded altars: false
     0 | D:1      | 0 ||| qw: Do Orc after D:15 true
     0 | D:1      | 0 ||| qw: Do second Lair branch before Depths: true
     0 | D:1      | 0 ||| qw: Lair rune preference: random
     0 | D:1      | 0 ||| qw: Plans: Normal
     0 | D:1      | 0 ||| PLANNING D:1-11
    51 | D:1      | Reached skill level 6 in Ranged Weapons
    51 | D:1      | Reached XP level 2. HP: 11/16 MP: 4/4
    51 | D:1      | 51 ||| FLEEEEING.
    54 | D:1      | 54 ||| FLEEEEING.
    55 | D:1      | 55 ||| FLEEEEING.
    56 | D:1      | 56 ||| FLEEEEING.
    58 | D:1      | 58 ||| FLEEEEING.
    61 | D:1      | 61 ||| FLEEEEING.
    62 | D:1      | 62 ||| FLEEEEING.
   212 | D:1      | Reached XP level 3. HP: 20/20 MP: 5/5
   268 | D:1      | 268 ||| DROPPING +1 sling of freezing.
   692 | D:1      | 692 ||| UPGRADING to +0 ring mail.
   702 | D:1      | 702 ||| DROPPING +0 leather armour.
   703 | D:1      | 703 ||| READING 2 scrolls labelled LORRUA BOPLA.
   704 | D:1      | 704 ||| DROPPING scroll of butterflies.
   752 | D:2      | Reached skill level 7 in Ranged Weapons
  1003 | D:2      | Found a faded altar of an unknown god.
  1017 | D:2      | Reached XP level 4. HP: 25/25 MP: 6/6
  1417 | D:2      | 1417 ||| READING scroll labelled CUENISTRULIS.
  1418 | D:2      | 1418 ||| READING 2 scrolls labelled PUFYFA SEEKLASU.
  1419 | D:2      | 1419 ||| DRINKING 2 murky amethyst potions.
  1419 | D:2      | Gained mutation: You are somewhat resistant to further
                  | mutation. [potion of mutation]
  1420 | D:2      | 1420 ||| DRINKING 2 white potions.
  1421 | D:2      | 1421 ||| READING 2 scrolls of identify.
  1421 | D:2      | 1421 ||| IDENTIFYING dark potion
  1422 | D:2      | 1422 ||| DROPPING potion of lignification.
  1423 | D:2      | 1423 ||| DROPPING scroll of fear.
  1546 | D:3      | 1546 ||| FLEEEEING.
  1547 | D:3      | 1547 ||| FLEEEEING.
  1548 | D:3      | 1548 ||| FLEEEEING.
  1549 | D:3      | 1549 ||| FLEEEEING.
  1550 | D:3      | 1550 ||| FLEEEEING.
  1551 | D:3      | 1551 ||| FLEEEEING.
  1552 | D:3      | 1552 ||| FLEEEEING.
  1553 | D:3      | 1553 ||| FLEEEEING.
  1554 | D:3      | 1554 ||| FLEEEEING.
  1555 | D:3      | 1555 ||| FLEEEEING.
  1556 | D:3      | 1556 ||| FLEEEEING.
  1557 | D:3      | 1557 ||| FLEEEEING.
  1558 | D:3      | 1558 ||| FLEEEEING.
  1559 | D:3      | 1559 ||| FLEEEEING.
  1560 | D:3      | 1560 ||| FLEEEEING.
  1561 | D:3      | 1561 ||| FLEEEEING.
  1562 | D:3      | 1562 ||| FLEEEEING.
  1563 | D:3      | 1563 ||| FLEEEEING.
  1564 | D:3      | 1564 ||| FLEEEEING.
  1565 | D:3      | 1565 ||| FLEEEEING.
  1566 | D:3      | 1566 ||| FLEEEEING.
  1567 | D:3      | 1567 ||| FLEEEEING.
  1568 | D:3      | 1568 ||| FLEEEEING.
  1569 | D:3      | 1569 ||| FLEEEEING.
  1570 | D:3      | 1570 ||| FLEEEEING.
  1571 | D:3      | 1571 ||| FLEEEEING.
  1572 | D:3      | 1572 ||| FLEEEEING.
  1573 | D:3      | 1573 ||| FLEEEEING.
  1574 | D:3      | 1574 ||| FLEEEEING.
  1575 | D:3      | 1575 ||| FLEEEEING.
  1576 | D:3      | 1576 ||| FLEEEEING.
  1577 | D:3      | 1577 ||| FLEEEEING.
  1578 | D:3      | 1578 ||| FLEEEEING.
  1579 | D:3      | 1579 ||| FLEEEEING.
  1580 | D:3      | 1580 ||| FLEEEEING.
  1581 | D:3      | 1581 ||| FLEEEEING.
  1582 | D:3      | 1582 ||| FLEEEEING.
  1583 | D:3      | 1583 ||| FLEEEEING.
  1584 | D:3      | 1584 ||| FLEEEEING.
  1585 | D:3      | 1585 ||| FLEEEEING.
  1586 | D:3      | 1586 ||| FLEEEEING.
  1587 | D:3      | 1587 ||| FLEEEEING.
  1588 | D:3      | 1588 ||| FLEEEEING.
  1589 | D:3      | 1589 ||| FLEEEEING.
  1590 | D:3      | 1590 ||| STAIRDANCE
  1609 | D:2      | 1609 ||| READING scroll labelled RYCHOSE BOAWK.
  1613 | D:3      | 1613 ||| STAIRDANCE
  1618 | D:2      | HP: 6/25 [gnoll/+0 club (5)]
  1713 | D:3      | 1713 ||| STAIRDANCE
  1722 | D:2      | Reached skill level 8 in Ranged Weapons
  1769 | D:3      | 1769 ||| STAIRDANCE
  1835 | D:3      | Noticed Terence
  1846 | D:3      | HP: 2/25 [Terence/+0 flail (9)]
  1847 | D:3      | Killed Terence
  1848 | D:3      | Reached XP level 5. HP: 3/29 MP: 7/7
  1959 | D:3      | Identified the +3 cloak "Qygromu" {+Inv rF+ rN+ MP-9}
  2054 | D:3      | Found an ancient bone altar of Kikubaaqudgha.
  2154 | D:3      | Noticed Robin
  2167 | D:3      | HP: 5/29 [Robin/+1 spear of venom (5)]
  2167 | D:3      | HP: 1/29 [quokka (3)]
  2167 | D:3      | Slain by Robin

Levels and vault maps discovered:
D:1:      amcnicky_arrival_gap_in_the_tavern_cellar, layout_basic
D:2:      layout_loops_cross, shapermc_ecumenical_altar_pompeii,
          chequers_garden, minmay_tetromino_t2
D:3:      layout_basic, overflow_temple_1_default, uniq_robin, uniq_terence

Skill      XL: |  1  2  3  4 |
---------------+-------------+-----
Ranged Weapons | 6 7 8 |  8.6
Fighting       | |  1.5
Dodging        | |  2.4
Stealth        | |  1.2

Action                     |  1- 3 |  4- 6 || total
---------------------------+-------+-------++-------
   Fire: Shortbow          |   103 |    91 ||   194
    Use: Scroll            |     1 |     4 ||     5
         Potion            |       |     2 ||     2
 Armour: Leather armour    |     6 |       ||     6
         Ring mail         |     3 |    10 ||    13
  Dodge: Dodged            |    17 |    34 ||    51

Table legend:
 A = Non-vault XP
 B = Vault XP
 C = Vault XP percentage of total XP
 D = Non-vault monster count
 E = Vault monster count
 F = Vault count percentage of total count
                 A         B        C        D         E       F
            +---------+---------+-------+---------+---------+-------
      Total |     160 |      67 |  29.5 |      53 |      11 |  17.2
            +---------+---------+-------+---------+---------+-------
        D:1 |      62 |       0 |   0.0 |      28 |       0 |   0.0
        D:2 |      72 |      16 |  18.2 |      18 |       2 |  10.0
        D:3 |      26 |      51 |  66.2 |       7 |       9 |  56.2
            +---------+---------+-------+---------+---------+-------
